 Dungeon Crawl Stone Soup version 0.18.1-5-g4a78601 (webtiles) character file.

315 HungrySpirit the Insei (level 6, -5/36 HPs)
             Began as a Tengu Transmuter on May 11, 2016.
             Slain by no0bjke's ghost (18 damage)
             ... on level 5 of the Dungeon.
             The game lasted 00:08:49 (5143 turns).

HungrySpirit the Insei (Tengu Transmuter)           Turns: 5143, Time: 00:08:50

Health: -5/36      AC:  3    Str: 11    XL:     6   Next: 43%
Magic:  6/10       EV:  9    Int: 13    God:
Gold:   240        SH:  0    Dex: 16    Spells: 2 memorised, 6 levels left

rFire  . . .     SeeInvis .       - Unarmed
rCold  . . .     Gourm    .     b - +0 robe
rNeg   . . .     Faith    .     (no shield)
rPois  +         Spirit   .     (helmet restricted)
rElec  .         Dismiss  .     p - +0 cloak
rCorr  .         Reflect  .     (no gloves)
SustAt .         Harm     .     (boots unavailable)
MR     .....                    (no amulet)
Stlth  +.........               s - ring of poison resistance
                                (no ring)

@: not resistant to hostile enchantments, very unstealthy
A: beak, talons 3, able to fly 1
a: Fly


You were on level 5 of the Dungeon.
You were not hungry.

You visited 1 branch of the dungeon, and saw 5 of its levels.

You collected 240 gold pieces.

Inventory:

Missiles
 a - 32 arrows
Armour
 b - a +0 robe (worn)
 k - an ice dragon hide
 p - a +0 cloak (worn)
Jewellery
 s - a ring of poison resistance (right hand)
Scrolls
 i - a scroll of recharging
 m - 3 scrolls of identify
 t - 2 scrolls of amnesia {unknown}
 u - a scroll of noise {unknown}
 v - a scroll of enchant armour {unknown}
 x - a scroll of fear {unknown}
Potions
 e - a potion of cure mutation {unknown}
 h - a potion of agility
 j - a potion of berserk rage {unknown}
 n - a potion of magic
 o - 5 potions of curing
 q - a potion of flight {unknown}
 r - a potion of mutation {unknown}
Books
 c - a book of Changes

   Spells                             Type                      Level
   a - Beastly Appendage              Transmutation                1
   b - Sticks to Snakes               Transmutation                2
   c - Spider Form                    Transmutation/Poison         3
   d - Ice Form                       Ice/Transmutation            4
   e - Blade Hands                    Transmutation                5
 g - a book of Air

   Spells                             Type                      Level
   a - Shock                          Conjuration/Air              1
   b - Swiftness                      Charms/Air                   2
   c - Repel Missiles                 Charms/Air                   2
   d - Static Discharge               Conjuration/Air              3
   e - Lightning Bolt                 Conjuration/Air              5
Comestibles
 d - 3 bread rations
 f - 6 fruits
 l - 2 meat rations


   Skills:
 + Level 2.6 Fighting
 + Level 3.7 Dodging
 * Level 5.8 Unarmed Combat
 - Level 2.0 Spellcasting
 + Level 2.4 Transmutations


You had 6 spell levels left.
You knew the following spells:

 Your Spells              Type           Power        Failure   Level  Hunger
a - Beastly Appendage     Trmt           #.....       12%         1    ##.....
b - Sticks to Snakes      Trmt           #.......     17%         2    ###....


Dungeon Overview and Level Annotations

Branches:
Dungeon (5/15)
 Temple: D:4-7

Altars:
Gozag
Qazlal
Ru
Yredelemnul
The Shining One

Annotations:
D:5 no0bjke's ghost, novice MiFi


Innate Abilities, Weirdness & Mutations

You have a beak for a mouth.
You have claws for feet.
You can fly.


Message History

Found a twisted iron ring.
Your ball python bites no0bjke's ghost but does no damage.
Your magical contamination has completely faded away.
Something bites no0bjke's ghost but does no damage.
Casting: Sticks to Snakes
Confirm with . or Enter, or press ? or * to list all spells.
You miscast Sticks to Snakes.
You are very lightly contaminated with residual magic.
Strange energies run through your body. No0bjke's ghost hits you!
* * * LOW HITPOINT WARNING * * *
Your ball python bites no0bjke's ghost but does no damage.
Your ball python bites no0bjke's ghost but does no damage.
No0bjke's ghost whispers, "You will understand me better in a moment."
No0bjke's ghost whispers, "You will understand me better in a moment."
Your ball python withers and dies!
Your magical contamination has completely faded away.
There is a stone staircase leading up here.
No0bjke's ghost hits you!!
Ouch! That really hurt!
You die...

##..#.### ...
##.......## #####.#
##........##.#...#.#
#.##.##..........#.#
########..##.......##
#.## ##.......###[...
##.###..####.......#.
##.#.#.## #.#####...
##@W...# ##.##
#######.#..# #.###.##
#.......#..# #....#
#########..######.#.#
#......##.#.#
##.###.##.#.#
##........#.###
##...##.##.#.... #
##.....#.##.#####


You could see no0bjke's ghost.

Vanquished Creatures
  Crazy Yiuf (D:4)
  An orc wizard (D:4)
  A worker ant (D:5)
  2 adders (D:3)
  2 oozes (D:3)
  6 worms
  2 dart slugs
  A giant gecko (D:1)
  4 orcs
  8 giant cockroaches
  11 hobgoblins
  3 jackals (D:1)
  4 kobolds
  3 quokkas
  5 ball pythons
  5 bats
  3 giant newts
  6 goblins
  12 rats
80 creatures vanquished.

Vanquished Creatures (collateral kills)
  Sigmund (D:3)
  An orc wizard (D:3)
  An adder (D:1)
  3 orcs
6 creatures vanquished.

Vanquished Creatures (others)
  A plant (D:1)
1 creature vanquished.

Grand Total: 87 creatures vanquished

Notes
Turn   | Place    | Note
--------------------------------------------------------------
     0 | D:1      | HungrySpirit the Tengu Transmuter began the quest for the Orb.
     0 | D:1      | Reached XP level 1. HP: 12/12 MP: 4/4
   144 | D:1      | Reached XP level 2. HP: 4/16 MP: 6/6
   397 | D:1      | Learned a level 2 spell: Sticks to Snakes
   567 | D:1      | Reached skill level 4 in Unarmed Combat
   691 | D:1      | Reached XP level 3. HP: 13/20 MP: 3/7
  1816 | D:2      | Reached XP level 4. HP: 23/25 MP: 6/8
  2250 | D:3      | Found a basalt altar of Yredelemnul.
  2341 | D:3      | Found a glowing golden altar of the Shining One.
  2355 | D:3      | Found an opulent altar of Gozag.
  2813 | D:3      | Noticed Sigmund
  2842 | D:3      | Killed Sigmund
  2842 | D:3      | Reached skill level 5 in Unarmed Combat
  2842 | D:3      | Gained mutation: You can fly. [Tengu growth]
  2842 | D:3      | Reached XP level 5. HP: 19/30 MP: 2/9
  3635 | D:3      | Reached XP level 6. HP: 34/36 MP: 8/10
  4168 | D:4      | Noticed Crazy Yiuf
  4193 | D:4      | Killed Crazy Yiuf
  4323 | D:4      | Found a sacrificial altar of Ru.
  4426 | D:4      | Found a stormy altar of Qazlal.
  4943 | D:5      | Entered Level 5 of the Dungeon
  5085 | D:5      | Noticed no0bjke's ghost (novice MiFi)
  5143 | D:5      | Slain by no0bjke's ghost

Skill      XL: |  1  2  3  4 |
---------------+-------------+-----
Unarmed Combat | 4 5 |  5.8
Dodging        | 3 |  3.7
Fighting       | 2 |  2.6
Transmutations | 2 |  2.4
Spellcasting   | |  2.0

Action                   |  1- 3 |  4- 6 || total
-------------------------+-------+-------++-------
Melee: Unarmed           |    99 |   111 ||   210
       Peck              |    15 |    23 ||    38
       Kick              |    19 |    24 ||    43
       Punch             |     4 |     2 ||     6
       Headbutt          |     5 |    20 ||    25
 Cast: Beastly Appendage |    21 |    21 ||    42
       Sticks to Snakes  |     2 |    14 ||    16
  Use: Scroll            |     7 |     3 ||    10
 Stab: Sleeping          |     1 |     2 ||     3
       Distracted        |       |     1 ||     1
  Eat: Chunk             |     2 |    10 ||    12
       Fruit             |     2 |     2 ||     4
Armor: Robe              |    19 |    17 ||    36
Dodge: Dodged            |    42 |    56 ||    98
